Unix NetHack Version 5.0.0-0 post-release - last build May  4 2026 22:22:43 (774f63e81ad911689b3a0859ea89b322d5daca8d,branch:main).

Game began 2026-05-07 18:05:32, ended 2026-05-07 18:16:35.

Drastanta, lawful male human Samurai

                                          -----         -----
                                          |.....        .o@.+
                                          |             |.e.|
                                                        -----

Drastanta the Ronin    St:13 Dx:18 Co:18 In:10 Wi:8 Ch:8  Lawful
Dlvl:3  $:94 HP:0(31) Pw:12(12) AC:4  Xp:3 T:729 

Latest messages:
 What do you want to eat? [fhk or ?*] ?
 Never mind.
 What do you want to read? [gl or ?*] ?
 This spellbook is all blank.
 What do you want to drop? [$a-ik-m or ?*] ?
 You drop a spellbook of healing.
 Kipawa offers 50 gold pieces for your spellbook of healing.  Sell it? [ynaq] (n) y
 You sold a spellbook of healing for 50 gold pieces.
 Your movements are now unencumbered.
 What do you want to drop? [$a-fhik-m or ?*] ?
 You drop a spellbook of blank paper.
 Kipawa seems uninterested.
 What do you want to drop? [$a-fhikm or ?*] ?
 You drop 3 cloudy potions.
 Kipawa offers 30 gold pieces for your cloudy potions.  Sell them? [ynaq] (n) n
 m - 3 cloudy potions.
 You see here a gold ring (for sale, 200 zorkmids).
 You see here a scroll labeled ASHPD SODALG (for sale, 80 zorkmids).
 You see here a ring mail (for sale, 133 zorkmids).
 You see here a brass lantern (for sale, 16 zorkmids).
 You see here a pair of old gloves (for sale, 67 zorkmids).
 You see here a scroll labeled ELAM EBOW (for sale, 107 zorkmids).
 You see here a ring mail (for sale, 133 zorkmids).
 You see here a scroll labeled ASHPD SODALG (for sale, 80 zorkmids).
 You see here a gold ring (for sale, 200 zorkmids).
 You hit the red mold.
 You are suddenly very hot!
 You kill the red mold!
 The door opens.
 You see here an empty broken chest.
 You descend the stairs.
 $ - 3 gold pieces (94 in total).
 n - a tin wand.
 You hit the floating eye.
 You are frozen by the floating eye's gaze!
 The goblin hits!
 The goblin hits!
 The goblin hits!
 The goblin misses!
 The goblin hits!
 The goblin hits!
 The goblin hits!
 The goblin just misses!
 The goblin hits!
 The goblin hits!
 The goblin hits!
 The goblin hits!
 The goblin hits!
 You die...
 Do you want your possessions identified? [ynq] (y) q

Inventory:
 Coins    ('$')
  $ - 94 gold pieces
 Weapons  (')')
  d - 45 +0 ya (in quiver)
  c - a +0 yumi (alternate weapon; not wielded)
  a - a +0 katana (weapon in right hand)
  b - a +0 wakizashi
 Armor    ('[')
  e - an uncursed rustproof +0 splint mail (being worn)
 Comestibles  ('%')
  k - an uncursed gunyoki
  h - an uncursed lembas wafer
  f - 4 uncursed lichen corpses
 Potions  ('!')
  m - 3 uncursed potions of healing
  i - a potion of holy water
 Wands    ('/')
  n - a wand of magic missile (0:4)

Drastanta the Samurai's attributes:

Background:
 You were a Ronin, a level 3 male human Samurai.
 You were lawful, on a mission for Amaterasu Omikami
 who was opposed by Raijin (neutral) and Susanowo (chaotic).
 You were right-handed.
 You were in the Dungeons of Doom, on level 3.
 You entered the dungeon 729 turns ago.
 You had 68 experience points, 12 more were needed to attain level 4.

Basics:
 You had 0 out of 31 hit points.
 You had all 12 energy points (spell power).
 Your armor class was 4.
 Your wallet contained 94 zorkmids.
 Autopickup was off.

Final Characteristics:
 Your strength was 13 (limit:18/100).
 Your dexterity was 18 (limit:18).
 Your constitution was 18 (limit:18).
 Your intelligence was 10 (limit:18).
 Your wisdom was 8 (limit:18).
 Your charisma was 8 (limit:18).

Final Status:
 You weren't hungry.
 You were unencumbered.
 You were wielding a long sword.
 You had basic skill with long sword.

Final Attributes:
 You were stridently aligned.
 You were warded.
 Your spell casting was impaired by metallic armor.
 You were fast.
 You are dead.

Miscellaneous:
 You didn't encounter any bones levels.
 Total elapsed playing time was 11 minutes and 2 seconds.

Major events:
 Turn
    1: Drastanta the lawful male human Samurai entered the dungeon
  540: attained the rank of Ronin (level 3)
  729: killed by a goblin, while frozen by a floating eye's gaze

Spells:
 Name                 Level Category     Fail Retention
 healing                1   healing      100%  76%-100%

Skills:
 Fighting Skills
   martial arts      [Basic]
   two weapon combat [Unskilled]
   riding            [Unskilled]
 Weapon Skills
   dagger            [Unskilled]
   knife             [Unskilled]
   short sword       [Basic]
   broadsword        [Unskilled]
   long sword        [Basic]
   two-handed sword  [Unskilled]
   saber             [Unskilled]
   flail             [Unskilled]
   quarterstaff      [Unskilled]
   polearms          [Unskilled]
   spear             [Unskilled]
   lance             [Unskilled]
   bow               [Basic]
   shuriken          [Unskilled]
 Spellcasting Skills
   attack spells     [Unskilled]
   divination spells [Unskilled]
   clerical spells   [Unskilled]

Voluntary challenges:
 Character rerolling was not enabled.
 You were an atheist.
 You never genocided any monsters.
 You never polymorphed an object.
 You never changed form.
 You used no wishes.
Achievements:
 You attained the rank of Ronin.
 You entered a shop.

 The Dungeons of Doom: levels 1 to 3
    Level 1:
    Level 2:
       A general store, a fountain.
    Level 3: <- You were here.
       Final resting place for
          you, killed by a goblin, while frozen by a floating eye's gaze.


Vanquished creatures:
  a little dog
 an acid blob
  a gas spore
  a large kobold
  a red mold
  a gecko
  2 jackals
  2 kobolds
  2 grid bugs
  7 lichens
  a newt
20 creatures vanquished.

No species were genocided or became extinct.

Game over:
                       ----------
                      /          \
                     /    REST    \
                    /      IN      \
                   /     PEACE      \
                  /                  \
                  |    Drastanta     |
                  |      94 Au       |
                  |   killed by a    |
                  |      goblin      |
                  |                  |
                  |                  |
                  |       2026       |
                 *|     *  *  *      | *
        _________)/\\_//(\/(/\)/\//\/|_)_______

Sayonara Drastanta the Samurai...

You died in The Dungeons of Doom on dungeon level 3 with 457 points,
and 94 pieces of gold, after 729 moves.
You were level 3 with a maximum of 31 hit points when you died.

